Map: Emerald City LE

Players

Lizzee - Winner!

  • Race: Protoss Protoss
  • League: Platinum
  • Spawn Location: 11:00

Dersky - Winner!

  • Race: Terran Terran
  • Spawn Location: 11:00

qqq

  • Race: Zerg Zerg
  • Spawn Location: 5:00

Massa

  • Race: Terran Terran
  • League: Platinum
  • Spawn Location: 5:00

VOD

Have the link to the VOD?

Description

Time

  • Played on: Jan. 31, 2021, 6:27 a.m.
  • Length: 15:13
Show
View Real Time Build Order
Export as new Build Order

Lizzee Protoss - Winner!

Build Orders: 1 Gate Expand, Blink Stalkers 

Get SALT Encoding   

  12  0:05  Probe  
  13  0:17  Probe  
  13  0:18  Pylon  
  14  0:30  Probe  
  15  0:38  Gateway  
  15  0:42  Probe (Chrono Boost)  
  16  0:46  Assimilator  
  16  0:54  Probe (Chrono Boost)  
  17  1:00  Probe (Chrono Boost)  
  18  1:08  Probe  
  19  1:20  Probe  
  20  1:32  Probe  
  21  1:40  Nexus  
  21  1:50  Cybernetics Core  
  20  2:09  Pylon  
  20  2:11  Probe  
  20  2:13  Assimilator  
  21  2:23  Probe, Warp Gate  
  21  2:26  Pylon  
  22  2:33  Stalker  
  22  2:35  Probe  
  25  2:45  Gateway  
  25  2:47  Probe, Forge  
  26  2:53  Probe  
  27  2:59  Probe  
  28  3:05  Twilight Council  
  28  3:07  Probe (Chrono Boost)  
  29  3:14  Probe (Chrono Boost)  
  29  3:19  Probe (Chrono Boost)  
  31  3:24  Probe (Chrono Boost)  
  31  3:25  Probe (Chrono Boost)  
  33  3:28  Probe (Chrono Boost)  
  33  3:34  Probe  
  34  3:36  Robotics Facility  
  34  3:39  Probe, Blink (Chrono Boost)  
  36  3:46  Probe  
  37  3:49  Protoss Ground Weapons Level 1  
  37  3:51  Probe  
  38  3:58  Probe  
  39  4:03  Probe  
  40  4:10  Gateway x2  
  40  4:15  Pylon  
  40  4:16  Probe x2  
  42  4:22  Stalker x2  
  38  4:38  Probe x2  
  40  4:49  Stalker x2  
  40  4:50  Probe x2 (Chrono Boost)  
  46  4:55  Observer  
  49  5:01  Probe x2 (Chrono Boost)  
  49  5:05  Probe x2 (Chrono Boost)  
  49  5:07  Forge  
  49  5:09  Gateway  
  51  5:16  Observer  
  51  5:17  Probe x2  
  51  5:20  Assimilator  
  54  5:23  Assimilator  
  54  5:25  Pylon  
  54  5:33  Charge  
  54  5:35  Stalker x3  
  60  5:38  Probe x2  
  62  5:50  Probe  
  62  5:55  Protoss Ground Armor Level 1 (Chrono Boost)  
  63  5:57  Nexus  
  63  6:19  Gateway x2  
  63  6:33  Stalker x3  
  69  6:41  Pylon  
  69  6:44  Pylon  
  69  6:51  Templar Archives  
  69  6:53  Robotics Bay  
  69  6:59  Robotics Facility  
  69  7:00  Gateway  
  69  7:05  Gateway  
  69  7:14  Stalker x3  
  69  7:15  Stalker x3  
  81  7:27  Nexus  
  81  7:35  Protoss Ground Weapons Level 2 (Chrono Boost)  
  81  8:16  Zealot  
  81  8:17  Zealot  
  85  8:22  Pylon  
  85  8:24  Pylon  
  85  8:39  Probe x3  
  88  8:45  Pylon  
  88  8:48  Zealot x4, Pylon  
  90  8:49  Pylon, Zealot x5  
  90  8:51  Probe x3, Pylon  
  90  8:53  Psionic Storm, Pylon  
  90  8:54  Gravitic Boosters  
  90  8:55  Pylon  
  109  8:57  Pylon  
  109  8:58  Pylon, Protoss Ground Armor Level 2 (Chrono Boost)  
  109  9:03  Probe x2  
  71  9:40  Stalker x3  
  71  9:41  Stalker x6  
  79  9:51  Extended Thermal Lance  
  79  10:02  Assimilator  
  79  10:03  Assimilator  
  79  10:10  High Templar, Nexus  
  79  10:11  High Templar x4  
  79  10:13  Zealot x4  
  97  10:18  Assimilator  
  97  10:22  Assimilator  
  97  10:25  Pylon  
  97  10:29  Pylon  
  97  10:35  Probe  
  97  10:36  Probe x2  
  97  10:40  Archon  
  97  10:41  Archon  
  97  10:42  High Templar  
  102  10:43  Zealot x4  
  102  10:44  Zealot x4  
  102  10:48  Probe x3  
  121  10:50  Archon  
  121  10:56  Photon Cannon  
  121  10:58  Photon Cannon  
  121  11:00  Probe  
  121  11:02  Photon Cannon  
  122  11:22  Protoss Ground Weapons Level 3 (Chrono Boost)  
  122  11:24  Gateway  
  122  11:25  Gateway  
  122  11:28  Gateway  
  122  11:41  Probe x4  
  122  11:44  Zealot x3  
  122  11:45  High Templar x2  
  122  11:46  High Templar x2  
  140  11:49  Zealot x2  
  140  11:50  Archon  
  140  11:51  Archon  
  140  11:53  Probe  
  145  11:56  Colossus x2  
  145  11:58  Observer  
  157  12:03  Protoss Ground Armor Level 3 (Chrono Boost)  
  157  12:08  Probe  
  157  12:09  Probe x3  
  161  12:21  Probe x4  
  165  12:33  Probe  
  166  13:04  Stargate  
  166  13:05  Stargate  
  166  13:06  Stargate  
  166  13:08  Cybernetics Core  
  166  13:10  Stargate  
  166  13:14  Zealot x3  
  166  13:15  Zealot x7  
  166  13:16  Zealot x2  
  190  13:39  Observer  
  190  13:51  Zealot x3  
  190  13:52  Zealot x2  
  148  14:31  Stalker x5  
  134  14:32  Stalker x6  
  134  14:33  Stalker  
  104  15:08  Zealot x5  
  104  15:09  Zealot x7  
Show
View Real Time Build Order
Export as new Build Order

Dersky Terran - Winner!

Build Orders: Reaper Expand 

Get SALT Encoding   

  12  0:00  SCV  
  13  0:12  SCV  
  14  0:18  Supply Depot  
  14  0:25  SCV  
  15  0:40  SCV  
  15  0:41  Barracks  
  16  0:45  Refinery  
  16  0:52  SCV  
  17  1:04  SCV  
  18  1:16  SCV  
  19  1:28  Reaper  
  19  1:29  Orbital Command  
  20  1:40  Command Center  
  20  1:56  SCV  
  20  1:59  Supply Depot  
  21  2:05  Marine  
  22  2:12  Refinery  
  22  2:13  Factory  
  22  2:18  SCV  
  23  2:27  Barracks Reactor  
  23  2:44  SCV  
  24  2:56  Orbital Command  
  24  2:57  SCV  
  25  3:03  Command Center  
  25  3:09  SCV  
  26  3:17  Starport  
  26  3:22  SCV x2, Barracks Tech Lab  
  26  3:25  Hellion  
  30  3:29  Hellion  
  32  3:35  SCV x2  
  34  3:42  Marine  
  34  3:45  Stimpack  
  34  3:47  SCV x2  
  37  3:53  Hellion  
  37  3:54  Hellion  
  41  3:59  Supply Depot  
  41  4:03  Liberator  
  41  4:04  SCV  
  41  4:05  SCV  
  46  4:15  Orbital Command  
  49  4:38  Hellion x2  
  49  4:40  Marine  
  49  4:41  SCV  
  49  4:42  SCV x2  
  53  4:52  Liberator  
  56  4:53  SCV  
  56  4:54  SCV x2  
  56  4:56  Barracks  
  56  4:58  Barracks, Engineering Bay  
  59  5:00  Engineering Bay  
  59  5:06  SCV x3  
  62  5:08  Refinery  
  62  5:11  Refinery  
  62  5:18  SCV x2, Barracks  
  62  5:20  Barracks  
  64  5:27  Widow Mine x2, Marine  
  67  5:41  SCV x2  
  67  5:42  SCV  
  60  5:53  SCV x2, Marine  
  60  5:54  SCV  
  64  6:01  Factory Tech Lab  
  64  6:04  Medivac x2  
  64  6:05  SCV  
  69  6:11  Barracks Reactor x2  
  69  6:12  Barracks Reactor x2  
  69  6:14  Terran Infantry Armor Level 1, Terran Infantry Weapons Level 1  
  69  6:16  Armory  
  69  6:38  Supply Depot  
  69  6:39  Supply Depot  
  69  6:42  Orbital Command  
  69  6:43  Supply Depot  
  69  6:44  Supply Depot  
  69  6:50  Supply Depot x2  
  69  6:55  Sensor Tower  
  69  6:56  Missile Turret  
  69  6:58  Missile Turret  
  69  6:59  Missile Turret x2  
  69  7:00  SCV x2, Marine, Medivac, Siege Tank  
  69  7:01  Missile Turret, Medivac  
  79  7:03  Marine x6, Missile Turret x2  
  85  7:08  Combat Shield  
  85  7:10  SCV  
  85  7:12  SCV x2  
  88  7:22  SCV  
  89  7:24  SCV x2  
  91  7:34  Marine x2  
  91  7:35  Marine x3  
  91  7:36  Marine, Command Center  
  97  7:37  SCV  
  97  7:38  SCV  
  97  7:40  Sensor Tower, Terran Vehicle Weapons Level 1  
  97  8:11  Marine x4  
  97  8:12  Marine x2  
  103  8:15  SCV x2  
  103  8:18  Refinery x2  
  104  8:23  Marine x2  
  104  8:24  Marauder, Siege Tank  
  115  8:29  Marine x2, Concussive Shells  
  115  8:30  Terran Infantry Weapons Level 2  
  115  8:31  Sensor Tower  
  115  8:34  Terran Infantry Armor Level 2  
  113  8:42  Barracks  
  113  8:43  Barracks  
  113  8:44  Barracks  
  113  8:45  Marauder  
  113  8:47  SCV x3  
  113  8:48  Barracks  
  118  8:50  Supply Depot  
  118  8:51  Planetary Fortress  
  118  8:59  SCV x3  
  121  9:05  Marine x6  
  121  9:07  Marauder  
  121  9:08  Marine  
  130  9:10  Command Center  
  130  9:11  SCV x2, Siege Tank  
  130  9:12  SCV  
  132  9:42  Marine x4  
  132  9:43  Marine x5  
  132  9:44  Medivac x2, Siege Tank  
  116  9:55  SCV x4  
  116  9:57  Refinery  
  116  9:58  Refinery  
  116  9:59  Terran Vehicle Weapons Level 2  
  120  10:00  Marine x2  
  120  10:05  Factory  
  120  10:06  Barracks Reactor, Barracks Tech Lab  
  120  10:07  Barracks Reactor x2, Starport  
  122  10:09  Marine x2  
  122  10:10  Marauder, Marine x2  
  128  10:16  Siege Tank  
  128  10:18  SCV x3  
  134  10:22  Missile Turret  
  134  10:23  Missile Turret  
  134  10:24  Orbital Command  
  134  10:25  SCV, Missile Turret  
  135  10:30  SCV x3  
  138  10:38  SCV  
  138  10:42  SCV, Marine x6  
  145  10:43  Marauder x2, Marine  
  145  10:44  Marine x4  
  155  10:51  Terran Infantry Armor Level 3, Supply Depot  
  155  10:52  Supply Depot  
  155  10:55  Terran Infantry Weapons Level 3, Supply Depot x2  
  155  11:13  Siege Tank  
  158  11:23  Marine  
  158  11:24  Marine x7  
  158  11:25  Marauder x2, Marine  
  171  11:36  Armory  
  171  11:42  Refinery  
  171  11:43  Refinery, Missile Turret  
  171  11:45  Missile Turret, Siege Tank  
  171  11:46  Missile Turret  
  174  11:47  Missile Turret  
  174  11:51  Factory Tech Lab  
  174  11:52  Starport Reactor  
  174  11:59  Supply Depot  
  174  12:00  Supply Depot  
  174  12:01  Supply Depot  
  174  12:02  Viking x2  
  178  12:10  Drilling Claws  
  178  12:12  Smart Servos  
  178  12:14  SCV x3  
  181  12:17  Siege Tank  
  181  12:21  Terran Vehicle Weapons Level 3  
  181  12:22  Fusion Core  
  184  12:27  Terran Vehicle And Ship Armor Level 1  
  184  12:36  Viking  
  184  12:37  Viking x3  
  178  13:25  Viking x3  
  178  13:26  Viking  
  170  13:27  Thor x2  
  170  13:33  Neosteel Armor, Hi-Sec Auto Tracking  
  182  13:48  Command Center  
  182  14:01  Marine  
  182  14:02  Marine x3  
  186  14:03  Viking x2  
  188  14:10  Thor  
  182  14:31  Marine x7  
  175  14:32  Marine x8  
  175  14:33  Marine  
  175  14:34  Viking x2  
  175  14:35  Medivac  
  193  14:49  Marine  
  193  14:51  Marine x5  
  193  14:52  Marine  
Show
View Real Time Build Order
Export as new Build Order

qqq Zerg 

Build Orders: Hatch First, Brood Lord Corruptor 

Get SALT Encoding   

  12  0:00  Drone  
  13  0:11  Drone  
  14  0:18  Overlord  
  14  0:37  Drone x3  
  17  0:58  Hatchery  
  16  1:06  Drone x2  
  18  1:19  Spawning Pool  
  18  1:24  Extractor  
  16  1:37  Drone x3  
  19  1:54  Drone  
  20  2:05  Overlord  
  20  2:06  Queen  
  21  2:10  Queen  
  21  2:12  Drone  
  24  2:18  Zergling x2  
  24  2:21  Zergling x2  
  24  2:22  Drone  
  27  2:27  Metabolic Boost  
  27  2:33  Zergling x2  
  27  2:36  Drone  
  29  2:42  Zergling x2  
  30  2:45  Drone  
  31  2:55  Zergling x2  
  31  2:57  Drone  
  33  3:03  Zergling x2  
  33  3:04  Zergling x2  
  35  3:15  Zergling x2, Overlord x2  
  36  3:26  Lair  
  36  3:28  Hatchery  
  36  3:29  Zergling x2  
  36  3:34  Zergling x2  
  37  3:35  Zergling x2  
  37  3:37  Zergling x2  
  37  3:39  Zergling x2  
  40  3:43  Zergling x2  
  40  3:44  Zergling x2  
  42  3:49  Zergling x2  
  42  3:54  Zergling x4  
  45  3:55  Zergling x2  
  45  3:59  Zergling x2  
  45  4:00  Zergling x2  
  48  4:04  Zergling x2  
  44  4:29  Zergling x8  
  42  4:31  Zergling x2  
  42  4:32  Drone x2, Zergling x4  
  42  4:33  Zergling x2  
  44  4:43  Spire  
  44  4:44  Drone  
  44  4:46  Drone  
  44  4:50  Extractor  
  44  4:56  Drone x2  
  44  4:57  Drone x2  
  48  5:02  Drone  
  48  5:06  Drone  
  48  5:07  Drone  
  51  5:12  Drone x2  
  51  5:13  Drone  
  54  5:23  Drone x2  
  55  5:37  Spore Crawler  
  49  5:44  Drone x2  
  49  5:45  Drone x5  
  49  5:48  Queen  
  58  5:59  Overlord x2  
  58  6:01  Hatchery, Overlord  
  57  6:04  Drone  
  57  6:10  Overlord x2  
  58  6:13  Zerg Flyer Weapons Level 1  
  58  6:19  Infestation Pit  
  58  6:23  Drone x4  
  58  6:24  Drone  
  62  6:29  Mutalisk x2  
  64  6:43  Drone x2  
  64  6:44  Drone x3  
  69  6:50  Drone x2  
  69  6:53  Extractor x2  
  69  6:54  Mutalisk x2  
  73  7:06  Hive  
  73  7:09  Overlord x3  
  73  7:10  Drone x2  
  73  7:11  Drone  
  76  7:20  Drone  
  77  7:24  Mutalisk  
  77  7:26  Zergling x4  
  77  7:27  Zergling x8  
  85  7:34  Mutalisk  
  87  7:39  Drone x5  
  87  7:40  Drone  
  91  8:04  Drone x2  
  91  8:05  Drone x3, Mutalisk x3  
  95  8:07  Zergling x6  
  95  8:08  Overlord x3  
  95  8:10  Extractor x2  
  97  8:25  Drone x3  
  100  8:30  Drone  
  100  8:33  Hatchery  
  100  8:35  Greater Spire  
  100  8:36  Corruptor x2, Baneling Nest  
  100  8:38  Drone x2  
  105  8:41  Extractor  
  105  8:42  Extractor  
  105  8:43  Spine Crawler x2, Queen  
  103  8:54  Corruptor x3  
  109  8:56  Drone x3  
  109  8:59  Drone  
  113  9:23  Corruptor x3  
  113  9:24  Corruptor x2  
  110  9:42  Corruptor x3  
  102  9:53  Corruptor x2  
  102  9:55  Drone x6  
  112  10:06  Brood Lord x2  
  116  10:17  Drone x5, Spore Crawler  
  116  10:20  Brood Lord x2  
  124  10:25  Evolution Chamber, Zerg Flyer Armor Level 1  
  124  10:26  Evolution Chamber  
  122  10:30  Drone x2  
  122  10:31  Zergling x14  
  122  10:32  Zergling x4  
  133  10:39  Drone  
  134  10:45  Brood Lord x2  
  134  10:46  Brood Lord  
  140  10:52  Overseer x2  
  140  10:55  Pneumatized Carapace  
  140  10:59  Hatchery  
  140  11:02  Extractor  
  140  11:03  Drone x4, Spine Crawler  
  140  11:04  Extractor, Drone  
  141  11:06  Zerg Melee Weapons Level 1  
  141  11:07  Zerg Ground Armor Level 1  
  141  11:14  Brood Lord  
  141  11:15  Drone  
  140  11:29  Brood Lord x2  
  140  11:30  Overlord  
  140  11:31  Overlord x8  
  144  11:35  Hatchery  
  143  11:48  Viper  
  146  11:54  Viper  
  146  11:55  Drone  
  146  11:56  Drone x2  
  152  12:11  Drone  
  152  12:14  Brood Lord x2  
  157  12:19  Zerg Flyer Weapons Level 2  
  157  12:29  Drone x2, Corruptor  
  159  12:30  Corruptor x3  
  159  12:31  Zergling x10  
  172  12:38  Spire  
  172  12:42  Corruptor  
  173  12:47  Spore Crawler  
  173  12:50  Drone, Spore Crawler  
  172  12:52  Queen  
  174  13:25  Drone x3  
  174  13:26  Corruptor x4  
  183  13:27  Overlord  
  183  13:28  Overlord  
  179  13:41  Spine Crawler  
  179  13:43  Spine Crawler x2  
  176  13:49  Spine Crawler x2  
  176  13:50  Spine Crawler x3  
  176  13:53  Spine Crawler  
  170  13:58  Drone x2  
  170  13:59  Drone  
  170  14:01  Brood Lord x2  
  170  14:02  Brood Lord x7  
  170  14:18  Corruptor x3  
  139  14:31  Viper  
  139  14:34  Viper  
  139  14:37  Drone x2  
  139  14:38  Drone  
  124  14:39  Zergling x14  
  124  14:40  Zergling x6  
  124  14:54  Drone  
Show
View Real Time Build Order
Export as new Build Order

Massa Terran 

Build Orders:  

Get SALT Encoding   

  12  0:00  SCV  
  13  0:15  SCV  
  13  0:20  Supply Depot  
  14  0:27  SCV  
  15  0:42  SCV  
  16  0:44  Barracks  
  16  0:53  Refinery  
  16  0:54  SCV  
  17  1:06  SCV  
  19  1:18  SCV  
  19  1:30  SCV  
  20  1:39  Command Center  
  20  1:41  Reaper  
  20  1:46  Orbital Command  
  21  2:12  Supply Depot  
  21  2:13  Marine  
  22  2:18  Factory  
  22  2:31  Marine  
  23  2:48  SCV  
  24  2:52  Barracks Tech Lab  
  24  3:00  SCV  
  24  3:03  Orbital Command  
  25  3:12  SCV  
  26  3:13  Hellion  
  26  3:15  Stimpack  
  26  3:16  Marine  
  29  3:22  Refinery x2  
  29  3:24  SCV  
  30  3:28  Refinery  
  30  3:31  Barracks  
  30  3:34  Engineering Bay  
  30  3:35  Marine  
  30  3:36  SCV  
  30  3:39  Hellion  
  30  3:40  SCV  
  35  3:48  SCV  
  35  3:53  SCV, Marine  
  38  4:00  SCV  
  39  4:02  Starport  
  39  4:05  SCV  
  39  4:06  Hellion  
  42  4:10  Terran Infantry Weapons Level 1  
  42  4:11  Marine  
  42  4:12  SCV  
  42  4:16  Supply Depot  
  44  4:41  Widow Mine  
  44  4:45  Marauder  
  48  4:47  Barracks Reactor  
  48  4:49  Starport Tech Lab  
  48  4:50  SCV x2  
  50  4:57  Barracks  
  50  4:59  Barracks  
  50  5:02  SCV x2, Hellion  
  54  5:14  Supply Depot  
  54  5:15  Supply Depot  
  54  5:20  Cloaking Field  
  54  5:26  SCV  
  54  5:30  Marauder  
  54  5:35  Banshee, Marine x2  
  59  5:46  Missile Turret  
  59  5:53  Marine x2  
  59  5:55  Missile Turret  
  61  6:12  Missile Turret  
  61  6:15  Missile Turret  
  61  6:28  Banshee  
  61  6:31  Barracks Reactor, Barracks Tech Lab, Marauder, Marine  
  61  6:32  Marine  
  68  6:47  Combat Shield  
  68  6:49  Marine  
  68  6:50  Marine, Concussive Shells  
  70  7:00  Factory Tech Lab, Supply Depot  
  70  7:11  Supply Depot  
  70  7:21  Marine  
  70  7:22  SCV x2, Marauder x2  
  77  7:32  Medivac, Siege Tank  
  77  7:34  SCV  
  77  7:36  Terran Infantry Armor Level 1  
  83  7:40  Armory  
  83  7:43  Marauder  
  85  8:06  Marauder  
  85  8:09  Medivac  
  85  8:11  Siege Tank  
  86  8:20  Supply Depot  
  86  8:21  Supply Depot  
  86  8:22  Engineering Bay  
  86  8:29  Sensor Tower  
  86  8:41  Marine x2, Medivac  
  86  8:42  Marauder x2, Marine x2  
  86  8:43  SCV, Supply Depot  
  86  8:45  Supply Depot  
  97  8:59  Marine x2  
  97  9:00  Marine  
  100  9:03  Marauder  
  100  9:05  Marauder  
  100  9:07  Marine  
  105  9:17  Marine x2  
  105  9:18  Marine  
  108  9:24  Marauder  
  108  9:26  Marauder  
  108  9:27  Marine  
  99  9:32  Siege Tank  
  99  9:35  Marine x2  
  99  9:36  Marine  
  105  9:45  Marine  
  84  9:46  Marauder  
  84  9:47  Marauder, Medivac  
  64  9:52  Marine x2  
  64  9:53  Marine  
  65  10:02  Marine  
  65  10:04  Terran Infantry Weapons Level 2, Siege Tank  
  69  10:07  Marauder  
  69  10:09  Marauder  
  69  10:10  Marine  
  74  10:15  Sensor Tower  
  74  10:17  Medivac  
  74  10:18  Terran Infantry Armor Level 2  
  74  10:20  SCV  
  77  10:23  SCV  
  78  10:29  Marauder  
  78  10:30  Marauder  
  78  10:32  SCV  
  83  10:35  SCV  
  83  10:36  Siege Tank  
  87  10:44  SCV  
  87  10:47  Command Center  
  87  10:48  SCV  
  87  10:49  Medivac  
  91  10:50  Marauder  
  91  10:56  SCV  
  94  11:00  SCV  
  94  11:04  Marauder, Marine x4  
  98  11:08  SCV, Terran Vehicle Weapons Level 1  
  102  11:11  Marauder  
  102  11:12  SCV  
  105  11:20  SCV  
  105  11:21  Marine  
  105  11:23  Marine x3  
  105  11:25  Marauder  
  112  11:28  SCV  
  113  11:33  SCV, Marauder  
  113  11:39  Marine  
  117  11:40  SCV  
  118  11:50  Supply Depot  
  118  11:51  Supply Depot  
  118  11:53  Supply Depot  
  118  11:59  SCV x2, Marauder, Marine, Medivac, Siege Tank  
  128  12:01  Planetary Fortress  
  128  12:11  SCV x2  
  130  12:16  Supply Depot x2  
  130  12:23  SCV, Command Center  
  131  12:32  Refinery  
  131  12:34  SCV  
  131  12:35  Refinery, SCV  
  133  12:42  Marauder x2, Marine x3  
  140  12:45  Medivac  
  140  12:46  SCV  
  143  12:51  Barracks  
  143  13:03  Marauder x2  
  139  13:34  Command Center  
  139  13:35  Marauder x2, Marine x3  
  139  13:36  Marine  
  147  13:41  Barracks Tech Lab  
  147  13:43  Medivac  
  147  13:46  Planetary Fortress  
  149  13:53  Marine x2  
  151  13:56  Marauder x2  
  155  14:16  Siege Tank  
  152  14:18  Marauder x3, Marine x2  
  107  14:24  Medivac  
  107  14:30  Marine x2  
  94  14:36  Marine x2  
  94  14:39  Marauder x3  
  98  14:46  Engineering Bay  
  98  14:48  Orbital Command, Marine x2  
  97  14:53  Marine x2  
Tags
 
Add a new tag
Caveats
  • Supply blocks, unpowered buildings, or Contaminate may cause inaccurate times.
  • Supply counts are checked every 10 seconds.